 Dungeon Crawl Stone Soup version 0.17-a0-1176-g3d5a0d0 (webtiles) character file.

5 Gorice the Grave Robber (level 1, 0/12 HPs)
             Began as a Deep Elf Wanderer on May 30, 2015.
             Slain by a hobgoblin
             ... wielding a +0 club
              (3 damage)
             ... on level 1 of the Dungeon.
             The game lasted 00:02:53 (383 turns).

Gorice the Grave Robber (Deep Elf Wanderer)          Turns: 383, Time: 00:02:54

Health: 0/12       AC:  3    Str: 10    XL:     1   Next: 66%
Magic:  3/3        EV: 12    Int: 15    God:
Gold:   5          SH:  0    Dex: 14    Spells: 0 memorised, 0 levels left

rFire  . . .     SeeInvis .     c - +0 quarterstaff
rCold  . . .     Clarity  .     a - +0 leather armour
rNeg   . . .     SustAt   .     (no shield)
rPois  .         Gourm    .     (no helmet)
rElec  .         Spirit   .     (no cloak)
rCorr  .         Warding  .     (no gloves)
rMut   .         Stasis   .     (no boots)
MR     .....                    (no amulet)
Stlth  ++........               (no ring)
                                (no ring)

@: not resistant to hostile enchantments, unstealthy
A: no striking features
a: no special abilities


You were on level 1 of the Dungeon.
You were not hungry.

You visited 1 branch of the dungeon, and saw 1 of its levels.

You collected 5 gold pieces.

Inventory:

Hand weapons
 c - a +0 quarterstaff (weapon)
Missiles
 f - 14 sling bullets
 Y - 2 throwing nets
 Z - 54 stones (quivered)
Armour
 a - a +0 leather armour (worn)
Potions
 b - 2 potions of degeneration {unknown}
Books
 d - Litsadogh's Handbook of Evil Rites

   Spells                             Type                      Level
   a - Pain                           Necromancy                   1
   b - Vampiric Draining              Necromancy                   3
Comestibles
 e - a bread ration {!e}


   Skills:
 + Level 1.0 Fighting
   Level 1.0 Short Blades
 * Level 1.2 Staves
 - Level 1.1 Throwing
 - Level 2.4 Dodging
 - Level 1.2 Stealth
   Level 1.0 Shields
   Level 1.3 Hexes
   Level 2.4 Necromancy


You couldn't memorise any spells.
You didn't know any spells.

Dungeon Overview and Level Annotations

Branches:
Dungeon (1/15)

Altars:


Message History

You start resting.
HP restored.
You open the door.
There is an open door here.
b - a bubbling clear potion Drink which item? (? for menu, Esc to quit)
Okay, then.
A bat comes into view.
The bat closely misses you.
Found a bubbling clear potion.
You hit the bat.
You kill the bat!
b - 2 bubbling clear potions (gained 1)
Found an escape hatch in the floor.
Found a stone staircase leading down.
You now have 5 gold pieces.
A hobgoblin comes into view. It is wielding a club.
Found 8 gold pieces.
There is a stone staircase leading down here.
The hobgoblin shouts!
Throwing (i - inventory. (,) - cycle):
Z - 55 stones (quivered)
Press: ? - help, Shift-Dir - straight line, f - hobgoblin
Aim: a hobgoblin, wielding a club You throw a stone.
The stone barely misses the hobgoblin.
You closely miss the hobgoblin. The hobgoblin hits you with a club.
A rat comes into view.
Damage: 1 (max 1)
You hit the hobgoblin but do no damage. The hobgoblin hits you with a club.
The hobgoblin closely misses you.
Damage: 5 (max 5)
You hit the hobgoblin but do no damage. The hobgoblin closely misses you.
You closely miss the hobgoblin. The hobgoblin hits you with a club.
* * * LOW HITPOINT WARNING * * *
Damage: 3 (max 5) Unknown command.
Fire/throw which item? (* to show all) (? for menu, Esc to quit)
Press: ? - help, Shift-Dir - straight line, f/p - hobgoblin
Aim: a hobgoblin, wielding a club You throw a throwing net.
The throwing net barely misses the hobgoblin.
The hobgoblin barely misses you.
Fire/throw which item? (* to show all) (? for menu, Esc to quit)
Press: ? - help, Shift-Dir - straight line, f/p - hobgoblin
Aim: a hobgoblin, wielding a club You throw a throwing net.
The throwing net closely misses the hobgoblin.
You hit the hobgoblin.
The hobgoblin is severely wounded.
The hobgoblin hits you with a club.
You die...

#....########.#
##.... #....#
.#####...
#....#
.##......
#....##
....#.#.#
#.....# ..#
#.#.# ##....# .
+.#.' #....# #
####+#+# #....#
#.#.......
#..#@#
#.#..#.8.#
#>.#g#
.....≈.≈.
#....r((.....
#..[....
...........##.#
#..#...#
###........#
#.......
#........#
#.......
#.#.....##
#..#...#
#.#.....#
#..÷....
#$..#.###
#.......


You could see a hobgoblin and a rat.

Vanquished Creatures
  A goblin (D:1)
  3 bats (D:1)
  A rat (D:1)
5 creatures vanquished.

Notes
Turn   | Place    | Note
--------------------------------------------------------------
     0 | D:1      | Gorice the Deep Elf Wanderer began the quest for the Orb.
     0 | D:1      | Gorice set off with: a +0 leather armour, a +0 quarterstaff, Litsadogh's Handbook of Evil Rites, a bread ration {!e}, 4 throwing nets
     0 | D:1      | Reached XP level 1. HP: 12/12 MP: 3/3
     0 | D:1      | Identified Litsadogh's Handbook of Evil Rites
   224 | D:1      | Reached skill level 1 in Staves
   379 | D:1      | HP: 3/12 [hobgoblin/club (3)]
   383 | D:1      | Slain by a hobgoblin

Vault maps used:
D:1:      shiori_arrival_oz

Action                   || total
-------------------------++-------
Melee: Quarterstaff      ||    18
Throw: Throwing net      ||     2
       Stone             ||     1

Table legend:
 A = Turns spent in this place as a percentage of turns spent in the entire game.
 B = Non-inter-level travel turns spent in this place as a percentage of non-inter-level travel turns spent in the entire game.
 C = Inter-level travel turns spent in this place as a percentage of turns spent in this place.
 D = Turns resting spent in this place as a percentage of non-inter-level travel turns spent in this place.
 E = Turns spent auto-exploring this place as a percentage of non-inter-level travel turns spent in this place.
 F = Non-inter-level travel turns spent in this place divided by the number of levels of this place that you've seen.
                   A       B       C       D       E      F
               +-------+-------+-------+-------+-------+----------------------
         Total | 100.0 | 100.0 |   0.0 |   7.9 |   3.2 | 126.0
       Dungeon | 100.0 | 100.0 |   0.0 |   7.9 |   3.2 | 126.0
               +-------+-------+-------+-------+-------+----------------------

Vault maps used:
D:1:      shiori_arrival_oz
